 Dungeon Crawl Stone Soup version 0.26-a0-215-g1b87330c0f (webtiles) character file.

Game seed: 13850975764190363382

(classic levelgen) 158 EnegeticOcto the Chopper (level 5, 0/35 HPs)
             Began as a Halfling Abyssal Knight on July 6, 2020.
             Was a Believer of Lugonu.
             Slain by a gnoll
             ... wielding a +0 flail
              (3 damage)
             ... on level 3 of the Dungeon.
             The game lasted 00:03:25 (2562 turns).

EnegeticOcto the Chopper (Halfling Abyssal Knight)  Turns: 2562, Time: 00:03:25

Health: 0/35       AC:  8    Str: 14    XL:     5   Next: 67%
Magic:  6/6        EV:  4    Int: 10    God:    Lugonu [**....]
Gold:   104        SH:  0    Dex: 14    Spells: 4/4 levels left

rFire    . . .     SeeInvis .   i - +2 short sword (elec)
rCold    . . .     Faith    .   (shield restricted)
rNeg     . . .     Spirit   .   h - +0 chain mail
rPois    .         Reflect  .   (no helmet)
rElec    .         Harm     .   (no cloak)
rCorr    .                      (no gloves)
MR       .....                  (no boots)
Stlth    ..........             (no amulet)
HPRegen  0.11/turn              (no ring)
MPRegen  0.10/turn              (no ring)

@: mighty, held
A: small, mutation resistance 1
a: Depart the Abyss, Bend Space, Renounce Religion


You were on level 3 of the Dungeon.
You worshipped Lugonu.
Lugonu was pleased with you.
You were not hungry.

You visited 1 branch of the dungeon, and saw 3 of its levels.
You visited the Abyss 1 time.

You collected 104 gold pieces.

Inventory:

Hand Weapons
 a - a +1 hand axe
 i - a +2 short sword of electrocution (weapon)
Armour
 h - a +0 chain mail (worn)
Scrolls
 b - 2 scrolls of enchant armour {unknown}
 f - a scroll of identify {unknown}
 k - a scroll of teleportation {unknown}
 m - a scroll of fear {unknown}
 n - a scroll of noise {unknown}
 o - a scroll of magic mapping {unknown}
Potions
 c - 2 potions of curing {unknown}
 d - a potion of mutation {unknown}
 g - 2 potions of flight {unknown}
 j - a potion of might {unknown}
 l - a potion of heal wounds {unknown}
Comestibles
 e - a ration


   Skills:
 - Level 2.6 Fighting
 + Level 5.4 Axes
 - Level 2.1 Armour
 - Level 1.1 Dodging
 - Level 2.0 Invocations


You had 4 spell levels left.
You didn't know any spells.
Your spell library contained the following spells:

 Spells                   Type           Power        Failure   Level
 Magic Dart               Conj           #...         100%        1
 Blink                    Tloc           N/A          100%        2
 Call Imp                 Summ           #.......     100%        2
 Slow                     Hex            #.......     100%        2
 Conjure Flame            Conj/Fire      #.......     100%        3
 Mephitic Cloud           Conj/Pois/Air  #.......     100%        3


Dungeon Overview and Level Annotations

Branches:
Dungeon (3/15)

Altars:


Innate Abilities, Weirdness & Mutations

You are small and have problems with some larger weapons.
You are somewhat resistant to further mutation.


Message History

The gnoll hits you but does no damage.
There is an open door here.
You close the door.
A gnoll opens the door.
You close the door.
A gnoll opens the door.
You close the door.
A gnoll opens the door.
You close the door.
A gnoll opens the door.
You close the door.
A gnoll opens the door.
You close the door.
A gnoll opens the door.
You close the door.
A gnoll opens the door.
You close the door.
A gnoll opens the door.
You close the door.
A gnoll opens the door.
You close the door.
A gnoll opens the door.
You close the door.
A gnoll opens the door.
There is a stone staircase leading up here.
You see here 2 stones.
You see here 2 stones.
There is an escape hatch in the floor here.
There is an open door here.
There is an escape hatch in the ceiling here.
There is an open door here.
There is an escape hatch in the floor here.
You see here 2 stones.
You see here 2 stones.
There is an open door here.
There is a stone staircase leading down here.
The gnoll hits you but does no damage.
You climb downwards.
You hear the sound of rushing water.
There is an entrance to a sewer on this level.
Hurry and find it before the portal rusts away!
A goblin and a hobgoblin come into view.
The hobgoblin shouts!
The goblin shouts!
You hear a shout! x3
Found a stone staircase leading down.
There is a stone staircase leading up here.
You hit the gnoll but do no damage. The gnoll closely misses you.
You closely miss the gnoll. The gnoll hits you but does no damage.
You feel very mighty all of a sudden.
Your chain mail prevents you from hitting the gnoll.
The gnoll hits you with a +1 dagger of chaos.
You are poisoned.
Your chain mail prevents you from hitting the gnoll.
You feel sick. The gnoll barely misses you.
You puncture the gnoll! Lightning courses through the gnoll!
You kill the gnoll!
Lugonu accepts your kill.
You feel sick.
You closely miss the goblin. The goblin hits you but does no damage.
You hit the goblin.
You kill the goblin!
Lugonu accepts your kill.
You feel sick.
You barely miss the hobgoblin. The hobgoblin barely misses you.
You hit the hobgoblin.
The hobgoblin is moderately wounded.
You feel sick.
A hobgoblin comes into view. It is wielding a -2 club.
The hobgoblin barely misses you.
The hobgoblin shouts!
You puncture the hobgoblin!
Lightning courses through the hobgoblin!
You kill the hobgoblin!
Lugonu accepts your kill.
You feel sick.
Things that are here:
a +0 dagger; a +1 dagger of chaos; a goblin corpse The hobgoblin closely misses you.
You hit the hobgoblin.
The hobgoblin is almost dead.
You feel sick. The hobgoblin barely misses you.
You barely miss the hobgoblin.
The hobgoblin is almost dead.
The hobgoblin hits you but does no damage.
Your chain mail prevents you from hitting the hobgoblin.
The hobgoblin is almost dead.
The hobgoblin hits you but does no damage.
You barely miss the hobgoblin.
The hobgoblin is almost dead.
The hobgoblin hits you but does no damage.
You hit the hobgoblin.
You kill the hobgoblin!
Lugonu accepts your kill.
You feel sick.
There is a stone staircase leading up here.
You see here a cursed -2 club.
A gnoll comes into view. It is wielding a +0 flail.
The gnoll throws a throwing net.
The throwing net hits you.
You become entangled in the net!
You see here a throwing net {!f}.
You struggle against the net.
You feel sick.
You struggle against the net.
You struggle against the net.
You struggle against the net.
You rip the net and break free!
You feel sick.
You are no longer poisoned.
The gnoll throws a throwing net.
The throwing net hits you.
You become entangled in the net!
You struggle against the net.
You struggle against the net.
The gnoll hits you with a +0 flail!
* * * LOW HITPOINT WARNING * * *
You struggle against the net.
The gnoll hits you with a +0 flail.
You die...

.# #######.#
#........ #.#
.. ##)## .# #
#...##>#.#
###...#....#
##....<.@g..#
#.............#
####..........#
###...#...##
#.........
######.#### ..
.## .#


You could see a gnoll.

Vanquished Creatures
  A wyvern skeleton (D:2)
  4 gnolls
  An adder (D:2)
  2 dart slugs (D:1)
  A leopard gecko (D:2)
  A ball python (D:2)
  6 bats
  2 giant cockroaches (D:1)
  3 goblins
  7 hobgoblins
  4 jackals (D:1)
  7 kobolds
  2 quokkas (D:2)
  2 frilled lizards
  7 rats
50 creatures vanquished.

Notes
Turn   | Place    | Note
-------+----------+-------------------------------------------
     0 | Abyss:1  | EnegeticOcto the Halfling Abyssal Knight began the quest
                  | for the Orb.
     0 | Abyss:1  | Reached XP level 1. HP: 15/15 MP: 2/2
     0 | Abyss:1  | Found a hide-covered altar of Uskayaw.
    10 | Abyss:1  | Found an ornate altar of the Wu Jian Council.
    28 | Abyss:1  | Found a corrupted altar of Lugonu.
    51 | Abyss:2  | Noticed a large abomination
    53 | D:1      | Escaped the Abyss
   294 | D:1      | Reached XP level 2. HP: 18/20 MP: 3/3
   301 | D:1      | Reached * piety under Lugonu
   460 | D:1      | Reached skill level 3 in Axes
   619 | D:1      | Reached XP level 3. HP: 24/25 MP: 4/4
  1628 | D:2      | Reached skill level 4 in Axes
  1628 | D:2      | Reached XP level 4. HP: 27/30 MP: 5/5
  1741 | D:2      | Reached XP level 5. HP: 27/35 MP: 6/6
  1829 | D:2      | Reached skill level 5 in Axes
  2328 | D:2      | Reached ** piety under Lugonu
  2352 | D:2      | Paralysed by a gnoll for 3 turns
  2562 | D:3      | Slain by a gnoll

Illustrated notes

Levels and vault maps discovered:
D:1:      dpeg_arrival_simpleton_b, layout_loops_corners, minmay_tetromino_t2
D:2:      cheibrodos_helix_gallery, layout_basic, tgw_xom,
          uniq_crazy_yiuf_cottage
D:3:      layout_loops_ring, cheibrodos_sewer_entry_sluice

Skill      XL: |  1  2  3  4  5 |
---------------+----------------+-----
Axes           | 3 4 5 |  5.4
Fighting       | |  2.6
Armour         | |  2.1
Dodging        | |  1.1
Invocations    | |  2.0

Action                   |  1- 3 |  4- 6 || total
-------------------------+-------+-------++-------
Melee: Hand axe          |    87 |       ||    87
       Short sword       |    19 |    63 ||    82
Invok: Depart the Abyss  |     1 |       ||     1
  Use: Scroll            |     2 |       ||     2
  Eat: Ration            |     1 |     1 ||     2
Armor: Chain mail        |    64 |    32 ||    96
       Leather armour    |     2 |       ||     2
Dodge: Dodged            |    58 |    32 ||    90

Table legend:
 A = Non-vault XP
 B = Vault XP
 C = Vault XP percentage of total XP
 D = Non-vault monster count
 E = Vault monster count
 F = Vault count percentage of total count
                 A         B        C        D         E       F
            +---------+---------+-------+---------+---------+-------
      Total |     181 |      46 |  20.3 |      45 |       5 |  10.0
            +---------+---------+-------+---------+---------+-------
        D:1 |      63 |       2 |   3.1 |      26 |       1 |   3.7
        D:2 |     112 |      30 |  21.1 |      16 |       3 |  15.8
        D:3 |       6 |      14 |  70.0 |       3 |       1 |  25.0
            +---------+---------+-------+---------+---------+-------
